Cogmind - Beta 9.2 @@@ ROGUE MODE // 2019.12.03 @ 11:10:32 Player: Cassie Rose Result: Destroyed by G-47 Trooper with Particle Gun Performance ------------- Evolutions (2) 1000 Regions Visited (3) 600 Robots Destroyed (69) 345 Value Destroyed (1673) 1673 Prototype IDs (5) 100 Alien Tech Used (0) 0 Bonus (38) 38 TOTAL SCORE: 3756 Bonus ------- High Alert Combat Kills 38 Cogmind --------- Core Integrity 0/550 Matter 255/300 Energy 160/160 System Corruption 4% Temperature Cool (9) Movement Core (250) Ox4 Location -8/Materials Parts ------- > --- POWER (2) -------- Light Nuclear Core > --- PROPULSION (3) --- (None) > --- UTILITY (4) ------ Improved Heat Sink Improved Heat Sink Medium Storage Unit > --- WEAPON (2) ------- (None) > --- INVENTORY (8) ---- Sensor Array Signal Interpreter Improved Terrain Scanner Hacking Suite Datajack Datajack Peak State ------------ > --- POWER ------------ Light Nuclear Core Light Nuclear Core > --- PROPULSION ------- Cesium-ion Thruster Cesium-ion Thruster Cesium-ion Thruster > --- UTILITY ---------- Improved Heat Sink Improved Heat Sink Medium Storage Unit Medium Storage Unit > --- WEAPON ----------- Improved Medium Laser Improved Assault Rifle > --- INVENTORY -------- Cesium-ion Thruster Sensor Array Signal Interpreter Improved Terrain Scanner Hacking Suite EM Shotgun Beam Cannon Grenade Launcher Datajack Datajack [Rating: 30] Favorites ----------- Power Light Ion Engine Engine Light Ion Engine Power Core Light Nuclear Core Propulsion Cesium-ion Thruster Wheel Compact Wheel Flight Unit Cesium-ion Thruster Utility Medium Storage Unit Device Improved Terrain Scanner Storage Medium Storage Unit Protection Light Armor Plating Weapon Beam Cannon Energy Gun EM Pulse Gun Energy Cannon Beam Cannon Ballistic Gun Light Assault Rifle Launcher Grenade Launcher Build | -11 -10 -9 -8 ------- Run | Scr Mat Mat Mat Slots Evolved 4 | . . 2 2 Power 1 | . . . 1 Propulsion 1 | . . 1 . Utility 2 | . . 1 1 Weapon . | . . . . Parts Attached 50 | 7 7 19 17 Power 10 | 1 2 1 6 Engine 6 | 1 2 1 2 Core 4 | . . . 4 Reactor . | . . . . Propulsion 11 | 2 1 7 1 Treads . | . . . . Leg . | . . . . Wheel 7 | 2 1 4 . Hover . | . . . . Flight 4 | . . 3 1 Utility 13 | 2 1 6 4 Device 7 | 1 . 4 2 Storage 3 | 1 1 1 . Processor . | . . . . Hackware . | . . . . Protection 3 | . . 1 2 Artifact . | . . . . Weapon 16 | 2 3 5 6 Energy Gun 7 | 1 . 3 3 Energy Cannon 4 | . 2 1 1 Ballistic Gun 3 | 1 1 . 1 Ballistic Cannon . | . . . . Launcher 2 | . . 1 1 Special Weapon . | . . . . Impact Weapon . | . . . . Slashing Weapon . | . . . . Piercing Weapon . | . . . . Special Melee Weapon . | . . . . Unidentified Prototypes 3 | . . 1 2 Parts Lost 24 | . 1 9 14 Power 5 | . . . 5 Propulsion 8 | . 1 3 4 Utility 4 | . . 3 1 Weapon 7 | . . 3 4 Highest Loss Streak 8 | . 1 6 8 Average Slot Usage (%) 93 | . 99 92 84 Engine 11 | . 14 11 6 Core 1 | . . . 6 Wheel 16 | . 27 14 . Flight 9 | . . 12 21 Device 15 | . 14 16 16 Storage 12 | . 14 12 11 Protection 3 | . . 4 6 Energy Gun 7 | . 7 6 7 Energy Cannon 7 | . 6 10 5 Ballistic Gun 6 | . 14 2 . Launcher 1 | . . 2 2 Naked Turns . | . . . . Heaviest Build 36 | 12 16 30 36 Greatest Support 36 | 32 32 36 18 Greatest Overweight (x) 7 | . . 7 5 Average Overweight (x) . | . . . 1 Largest Inventory Capacity 12 | 6 8 12 12 Average Capacity 8 | 5 7 8 9 Most Carried 11 | 2 8 10 11 Average Carried 6 | 1 6 7 7 Final Capacity 12 | 6 8 12 8 Final Carried 10 | 2 8 10 6 Class Distribution -------------------- 82% | Mutant 17% | Scavenger-Mutant Dominant Class ---------------- Mutant | -10/Materials Mutant | -9/Materials Scavenger-Mutant | -8/Materials Resources | -11 -10 -9 -8 ----------- Run | Scr Mat Mat Mat Matter Collected 860 | 181 264 225 190 Remotely . | . . . . Salvage Created 2427 | 43 424 1097 863 Parts 162 | 8 44 73 37 Haulers Intercepted 6 | . 2 4 . Recyclers Shooed 2 | . . . 2 Parts Field Recycled . | . . . . Retrieved Matter . | . . . . Parts Self-Destructed . | . . . . Prevented . | . . . . Kills | -11 -10 -9 -8 ------- Run | Scr Mat Mat Mat Combat Hostiles Destroyed 41 | . 10 16 15 Guns 24 | . 7 11 6 Cannons 8 | . 3 4 1 AOE 8 | . . 1 7 Classes Destroyed 12 | 1 5 4 2 Worker 5 | . 1 2 2 Builder 3 | . . 1 2 Tunneler 3 | 2 1 . . Hauler 6 | . 2 4 . Recycler 3 | . . 1 2 Operator 2 | . . 2 . Watcher 6 | . 3 3 . Swarmer 9 | . 9 . . Grunt 23 | . 1 12 10 Brawler 1 | . . . 1 Sentry 7 | . . 4 3 Hunter 1 | . . . 1 Best Kill Streak 12 | 1 6 12 7 Combat Bots Only 5 | . 4 4 5 Max Kills in Single Turn 4 | 1 2 4 2 Gunslinging 1 | . 1 . . Exploded 2 | . . 1 2 Melee . | . . . . Uniques/NPCs Destroyed . | . . . . Combat | -11 -10 -9 -8 -------- Run | Scr Mat Mat Mat Damage Taken 2714 | . 274 804 1636 Core 745 | . 51 141 553 Absorbed by Shields . | . . . . Core Remaining (%) 81 | 100 79 64 . Volleys Fired 165 | 11 37 64 53 Largest 2 | 2 2 2 2 Hottest 116 | 60 80 105 116 Shots Fired 273 | 22 74 101 76 Gun 176 | 22 59 52 43 Cannon 82 | . 15 45 22 Launcher 15 | . . 4 11 Special . | . . . . Kinetic 58 | 11 37 10 . Thermal 98 | . 15 45 38 Explosive 15 | . . 4 11 Electromagnetic 102 | 11 22 42 27 Robot Hit Streak 20 | 6 4 11 20 Robot Miss Streak 4 | 3 3 4 3 Penetration Max . | . . . . Secondary Targets 1 | . 1 . . Max Gunslinging Chain 1 | . 1 . . Shots Hit Robots 183 | 13 38 71 61 Core Hits 121 | 2 21 49 49 Critical Hits 2 | . . 2 . Critical Kills 2 | . . 2 . Critical Parts Destroyed . | . . . . Melee Attacks . | . . . . Impact . | . . . . Slashing . | . . . . Piercing . | . . . . Sneak Attacks . | . . . . Combat Hostiles . | . . . . Follow-up Attacks . | . . . . Damage Inflicted 4209 | 156 640 1505 1908 Guns 1811 | 156 409 672 574 Cannons 838 | . 207 367 264 Explosions 1560 | . 24 466 1070 Melee . | . . . . Ramming . | . . . . Kinetic 358 | 76 216 66 . Thermal 1125 | . 231 450 444 Explosive 1453 | . . 383 1070 Electromagnetic 1273 | 80 193 606 394 Impact . | . . . . Slashing . | . . . . Piercing . | . . . . Highest Corruption 4 | . 1 . 4 Average Corruption 1 | . 1 . 2 Corruption Purged . | . . . . Effects 3 | . 1 . 2 Message Errors 1 | . 1 . . Data Loss (minor) 1 | . . . 1 Targeting Errors 1 | . . . 1 Overload Shots . | . . . . Overflow Damage 9 | . . 1 8 Projectiles . | . . . . Explosions 9 | . . 1 8 Melee . | . . . . Knockbacks . | . . . . Impact . | . . . . Kinetic . | . . . . Secondary . | . . . . Self-Inflicted Damage 300 | . 40 80 180 Shots 10 | . 1 2 7 Rammed . | . . . . Targets Rammed . | . . . . Kicked . | . . . . Crushed . | . . . . Highest Temperature 434 | . 140 434 67 Average Temperature 83 | . 48 108 26 Received Heat Transfer 939 | . . 318 621 Effects 2 | . . 2 . Shutdowns 1 | . . 1 . Interference 1 | . . 1 . Siege Activations . | . . . . Robots Corrupted 1 | . . . 1 Combat Hostiles 1 | . . . 1 Parts Fried 6 | . 1 1 4 Impact Corruptions . | . . . . Robots Melted . | . . . . Combat Hostiles . | . . . . Parts Melted 4 | . 1 2 1 Heat Transferred 2333 | . 494 877 962 Parts Sabotaged . | . . . . Parts Stolen . | . . . . Parts Stripped . | . . . . Power Chain Reactions 3 | . 1 2 . Missiles Intercepted . | . . . . Alert | -11 -10 -9 -8 ------- Run | Scr Mat Mat Mat Peak Influence 444 | 10 183 444 414 Average Influence 180 | 5 89 258 259 Maximum Alert Level 2 | . . 2 2 Low Security (%) 56 | 100 100 25 23 Level 1 33 | . . 55 64 Level 2 9 | . . 19 11 Level 3 . | . . . . Level 4 . | . . . . Level 5 . | . . . . High Security . | . . . . Max Security . | . . . . Squads Dispatched 7 | . 1 3 3 Investigation . | . . . . Extermination . | . . . . Reinforcement 7 | . 1 3 3 Assault . | . . . . Garrison . | . . . . Intercept . | . . . . Construction Impeded 1 | . . . 1 Haulers Reinforced . | . . . . Stealth | -11 -10 -9 -8 --------- Run | Scr Mat Mat Mat Distress Signals 7 | . 3 2 2 Communications Jammed . | . . . . Distress Signals . | . . . . Times Spotted 68 | . 16 29 23 Peak Tracking Total 7 | . 6 7 7 Tactical Retreats 1 | . 1 . . Traps | -11 -10 -9 -8 ------- Run | Scr Mat Mat Mat Traps Triggered 3 | . 1 . 2 Indirectly . | . . . . Trap Hack Attempts . | . . . . Triggered . | . . . . Disarmed . | . . . . Reprogrammed . | . . . . Reused . | . . . . Traps Extracted . | . . . . Installed . | . . . . Triggered . | . . . . Machines | -11 -10 -9 -8 ---------- Run | Scr Mat Mat Mat Machines Disabled 4 | . . 3 1 Max in Single Turn 2 | . . 2 1 Machines Sabotaged . | . . . . Garrisons Compromised . | . . . . Overloaded Fab Kills . | . . . . Fab Network Shutdowns . | . . . . Hacking | -11 -10 -9 -8 --------- Run | Scr Mat Mat Mat Machines Accessed 11 | . 7 2 2 Terminals 11 | . 7 2 2 Fabricators . | . . . . Repair Stations . | . . . . Recycling Units . | . . . . Scanalyzers . | . . . . Garrison Access . | . . . . Total Hacks 28 | . 18 5 5 Successful 18 | . 12 4 2 Failed 10 | . 6 1 3 Catastrophic 1 | . 1 . . Database Lockouts . | . . . . Manual 21 | . 12 4 5 Terminals 28 | . 18 5 5 Fabricators . | . . . . Repair Stations . | . . . . Recycling Units . | . . . . Scanalyzers . | . . . . Garrison Access . | . . . . Terminal Hacks 6 | . 5 1 . Prototype ID Bank 1 | . 1 . . Branch Access Points 1 | . . 1 . Registered Components 1 | . 1 . . Registered Prototypes 1 | . 1 . . Zone Layout 2 | . 2 . . Fabricator Hacks . | . . . . Repair Station Hacks . | . . . . Recycling Unit Hacks . | . . . . Scanalyzer . | . . . . Garrison Access Hacks . | . . . . Unauthorized Hacks 33 | . 19 7 7 Terminals 12 | . 7 3 2 Assimilate 4 | . 2 1 1 Botnet 8 | . 5 2 1 Fabricators . | . . . . Repair Stations . | . . . . Recycling Units . | . . . . Scanalyzers . | . . . . Garrison Access . | . . . . Data Cores Recovered . | . . . . Used . | . . . . Hacking Detections 11 | . 7 2 2 Full Trace Events 1 | . 1 . . Feedback Events . | . . . . Feedback Blocked . | . . . . Robot Schematics Acquired . | . . . . Robots Built . | . . . . Matter . | . . . . Time . | . . . . Total Robot Build Rating . | . . . . Part Schematics Acquired . | . . . . Parts Built . | . . . . Matter . | . . . . Time . | . . . . Total Part Build Rating . | . . . . Parts Repaired . | . . . . Time . | . . . . Parts Recycled . | . . . . Recycled Matter . | . . . . Retrieved Matter . | . . . . Retrieved Components . | . . . . Parts Scanalyzed . | . . . . Part Schematics Acquired . | . . . . Parts Damaged . | . . . . Bothacking | -11 -10 -9 -8 ------------ Run | Scr Mat Mat Mat Used RIF Installer . | . . . . Robots Hacked . | . . . . Non-combat . | . . . . Combat . | . . . . Robot Hacks Applied . | . . . . Relay Couplers Released . | . . . . Robots Rewired . | . . . . Allies Hacked . | . . . . Hacks Repelled . | . . . . Allies | -11 -10 -9 -8 -------- Run | Scr Mat Mat Mat Total Allies . | . . . . Largest Group . | . . . . Highest-Rated Group . | . . . . Highest-Rated Ally . | . . . . Total Orders . | . . . . Ally Attacks . | . . . . Total Damage . | . . . . Kills . | . . . . Allies Corrupted . | . . . . Allies Melted . | . . . . Intel | -11 -10 -9 -8 ------- Run | Scr Mat Mat Mat Robot Analysis Total . | . . . . Derelict Logs Recovered . | . . . . Drone Launches . | . . . . Drone Recoveries . | . . . . Exploration | -11 -10 -9 -8 ------------- Run | Scr Mat Mat Mat Turns Passed 2256 | 142 824 811 479 Spaces Moved 1540 | 98 684 532 226 Core 24 | 9 . 12 3 Treads . | . . . . Legs . | . . . . Wheels 1025 | 89 684 252 . Hover . | . . . . Flight 491 | . . 268 223 Fastest Speed 34 | 50 90 34 114 Average Speed 95 | 95 95 75 142 Slowest Speed 440 | 100 100 400 440 Overloaded Moves . | . . . . Propulsion Burnouts . | . . . . Robots Hopped 1 | . . 1 . Cave-ins Triggered . | . . . . Exploration Rate (%) 40 | 5 82 51 22 Regions Visited 3 Branch Regions . Pre-discovered Areas . | . . . . Known Exits Taken . | . . . . Unknown Exits Taken 3 | 1 1 1 . Scrap Searched . | . . . . Spaces Dug . | . . . . Terrain Destroyed 107 | . 2 65 40 Melee . | . . . . Projectile . | . . . . AOE 107 | . 2 65 40 Actions | -11 -10 -9 -8 --------- Run | Scr Mat Mat Mat Total 2059 | 124 784 841 310 Wait 242 | . 39 203 . Move 1535 | 97 683 529 226 Hop 1 | . . 1 . Pick Up 45 | 9 11 18 7 Fast Attach 5 | . 1 2 2 Attach 25 | 7 . 9 9 Detach . | . . . . Swap 20 | . 6 8 6 Drop 21 | . 7 7 7 Fire 165 | 11 37 64 53 Melee . | . . . . Ram . | . . . . Kick . | . . . . Crush . | . . . . Escape Stasis . | . . . . Rewire . | . . . . Trap . | . . . . Miscellaneous . | . . . . Route ------- -11/Scrapyard -10/Materials (discovered 3 exits: *Mat x2 / [*Min]) -9/Materials (discovered 3 exits: *Mat / *Min / Sto) -8/Materials (discovered 1 exit: [*Fac]) History --------- Turn | Location | Event 13 | -11/Scrapyard | Discovered new exit (range 16) 143 | -11/Scrapyard | Entered Materials 318 | -10/Materials | Build established: Mutant 415 | -10/Materials | Discovered new exit (range 11) 716 | -10/Materials | Discovered new exit (range 15) 915 | -10/Materials | Discovered new exit (range 16) 967 | -10/Materials | Entered another Materials area 967 | -9/Materials | Evolved 2 slots: Propulsion x1, Utility x1 1346 | -9/Materials | Lost 6 parts (2n2u2w) 1466 | -9/Materials | Discovered new exit (range 13) 1617 | -9/Materials | Identified exit to Mines 1617 | -9/Materials | Identified exit to Storage 1688 | -9/Materials | Discovered new exit (range 16) 1778 | -9/Materials | Entered another Materials area 1778 | -8/Materials | Evolved 2 slots: Power x1, Utility x1 2091 | -8/Materials | Lost 5 parts (2p2n1w) 2226 | -8/Materials | Core integrity fell below 50% 2239 | -8/Materials | Discovered new exit (range 10) 2243 | -8/Materials | Core integrity fell below 20% 2257 | -8/Materials | Destroyed by G-47 Trooper with Particle Gun Last Messages --------------- 02228_ U-05 Engineer lays Concrete. 02230_ G-47 Trooper destroyed. 02230_ Destroyed Imp. Hover Unit. 02230_ U-05 Engineer lays Concrete. 02231_ U-05 Engineer builds a Wall. 02232_ U-05 Engineer lays Concrete. 02232_ G-47 Trooper destroyed. 02233_ System corrupted: Component data lost. 02233_ U-05 Engineer lays Concrete. 02236_ U-05 Engineer destroyed. 02237_ Lgt. Deuterium Engine destroyed. 02237_ Grenade Launcher destroyed. 02239_ EXIT=FOUND 02240_ Acquired Lgt. Nuclear Core. 02244_ Lgt. Nuclear Core destroyed. 02244_ Acquired 13 matter. 02249_ Acquired Lgt. Nuclear Core. 02249_ Cesium-ion Thruster destroyed. 02253_ U-05 Engineer lays Concrete. 02255_ U-05 Engineer builds a Wall. Map ----- +----------------------------------------------------+ | | | | | | | ?????????????????????????????????????????????????? | | ?????????????????????????????????????????????????? | | ?????????????????????????????????????????????????? | | ?????????????????????????????????????????????????? | | ?????????????????????????????????????????????????? | | ?????????????????????????????????????????????????? | | ?????????????????????????????????????????????????? | | ?????????????????????????????????????????????????? | | ????????????????????#######??????????????????????? | | ###?????????????????" # #??????????????????????? | | ????????????????"" # < #??????????????????????? | | ????????????? # #??????????????????????? | | ?????????????? """ + +?"""??????????????????? | | ?????????????? """ # #?"""??????????????????? | | #???????????????""" # # """??????????????????? | | #???????????????? # u# ""???????????????????? | | #?????????????????[ #gg # ?????????????????????? | | ##########??????### ###########????????????? | | # #??????# ! ???????????? | | # #???#### % ???????????? | | # ##### o = """ ???????????????? | | + + =! # """""""?????????????? | | # ##### Y%! @ """"?????????????? | | # #???# ""* # ?????????? | | # #???# "" ###?##########???????????? | | # #???#^ T" ##???????????????????????? | | # #???# "" #????????????????????????? | | ##########???# "" !?????????????????????? | | ##???????????# ???????????????????? | | +########??????# k ????????????????????? | | % #??????# #######= ????????????????????? | | #??????# #??????# ????????????????????? | | !! #??????# #???????? ????????????????????? | | !! #??????+ +?????????????????????????????? | | % !!! #??????# #?????????????????????????????? | | #??????# #?????????????????????????????? | | #??????# ??????????????????????????????? | | =%! #??????##+#??????????????????????????????? | | # ####????????????????????????????????????????? | | # ##???????????????????????????????????????????? | | #####????????????????????????????????????????????? | | ?????????????????????????????????????????????????? | | ?????????????????????????????????????????????????? | | ?????????????????????????????????????????????????? | | ?????????????????????????????????????????????????? | | ?????????????????????????????????????????????????? | | ?????????????????????????????????????????????????? | +----------------------------------------------------+ Best States ------------- Heat Dissipation 59 Energy Generation 23 Energy Capacity 325 Matter Stores 300 Matter Capacity 300 Sight Range 16 Terrain Scan Range 16 Terrain Scan Density 10 Additional Mass Support 6 Armor Coverage 225 Evasion (%) 63 Item Schematics ----------------- None Robot Schematics ------------------ None Fabricated ------------ Nothing Alien Tech Used ----------------- None Achievements -------------- None Challenges ------------ None Game ------ Seed TeslaTitaniumMagmablaster Manual? 0 Play Time 00:32:37 Cumulative 48.4 hours Start 2019.12.03 @ 10:38:24 End 2019.12.03 @ 11:10:32 Sessions 1 Manual Loads 0 Difficulty Rogue Special Mode None Game No. 72 Rogue 72 Adventurer 0 Explorer 0 Win Type - Total 0 Types 0/0/0/0/0/0/0 Lore% 22 Gallery% 21 Achievement% 23 Wizard Run 0 Options --------- ASCII 0 Keyboard 0 Movement Arrows Keybinds 0 Fullscreen 1 Font 18/SmallcapsGlow Map View 76x50 Tactical HUD 1 Map Filters NONE Filters LOW_CONTRAST(13,24,33)|BRIGHTNESS(120)|SATURATION(80) Steam 1 RUN: 3643e665-6651-4d02-ad49-2af0a0a841fd